Map: Lerilak Crest

Players

HappyEnd

  • Race: Zerg Zerg
  • League: Grandmaster

Javert - Winner!

  • Race: Zerg Zerg
  • League: Grandmaster

VOD

Have the link to the VOD?

Description

Time

  • Played on: Sept. 26, 2015, 12:24 a.m.
  • Length: 10:18
Show
View Real Time Build Order
Export as new Build Order

HappyEnd Zerg 

Build Orders: Pool First 

Get SALT Encoding   

  12  0:02  Drone  
  13  0:22  Extractor  
  13  0:26  Spawning Pool  
  13  0:28  Drone  
  12  0:36  Drone  
  12  0:38  Drone  
  14  0:51  Overlord  
  14  1:12  Drone  
  14  1:14  Zergling x4  
  17  1:24  Metabolic Boost  
  17  1:27  Zergling x2  
  17  1:30  Queen  
  20  1:41  Drone  
  21  1:47  Overlord  
  21  2:02  Zergling x2  
  21  2:24  Zergling x4  
  23  2:39  Roach Warren  
  23  2:42  Hatchery  
  18  3:03  Drone x5  
  21  3:23  Zergling x2  
  21  3:24  Zergling x4  
  24  3:38  Roach  
  26  3:44  Hatchery  
  25  3:51  Drone x2  
  25  3:53  Roach  
  25  3:54  Roach  
  30  4:14  Drone  
  30  4:15  Drone  
  30  4:16  Drone x3  
  35  4:20  Overlord  
  35  4:41  Overlord  
  35  4:43  Overlord  
  35  4:51  Lair  
  35  4:55  Queen  
  35  4:56  Drone  
  35  4:57  Overlord  
  38  5:06  Drone  
  39  5:16  Drone x3  
  39  5:17  Drone  
  39  5:18  Drone x2  
  39  5:20  Roach x4  
  53  5:37  Extractor  
  53  5:41  Evolution Chamber  
  51  5:43  Evolution Chamber  
  50  6:11  Drone x7  
  51  6:14  Roach  
  51  6:15  Roach x3  
  51  6:16  Overlord x2  
  65  6:37  Extractor  
  65  6:38  Extractor  
  63  6:41  Roach  
  63  6:42  Roach x5  
  63  6:43  Zerg Missile Weapons Level 1  
  63  6:46  Drone x4  
  79  6:47  Drone  
  79  6:50  Hatchery  
  63  7:24  Roach  
  63  7:25  Roach x8  
  59  7:37  Roach  
  59  7:38  Roach  
  59  7:49  Queen  
Show
View Real Time Build Order
Export as new Build Order

Javert Zerg - Winner!

Build Orders: Pool First 

Get SALT Encoding   

  12  0:01  Drone  
  13  0:13  Overlord  
  13  0:19  Drone  
  14  0:32  Drone x2  
  16  0:37  Drone  
  17  0:54  Drone, Spawning Pool  
  17  0:58  Drone  
  18  1:14  Hatchery  
  18  1:18  Drone, Extractor  
  17  1:20  Drone  
  18  1:41  Queen  
  18  1:42  Roach Warren  
  18  1:45  Overlord  
  19  1:53  Drone  
  22  2:22  Roach  
  22  2:23  Roach x2  
  30  2:37  Roach x2  
  27  3:10  Queen  
  29  3:18  Drone x2  
  29  3:19  Drone  
  32  3:28  Overlord  
  32  3:37  Drone x2  
  32  3:38  Drone  
  34  4:05  Drone x2  
  34  4:06  Drone x6  
  41  4:24  Overlord, Extractor  
  40  4:30  Evolution Chamber  
  39  4:31  Overlord  
  39  4:33  Evolution Chamber  
  39  4:35  Lair  
  38  4:40  Drone  
  38  4:41  Drone  
  38  4:42  Drone  
  41  4:51  Drone x3  
  44  4:58  Zerg Missile Weapons Level 1  
  44  5:08  Baneling Nest  
  43  5:14  Zergling x8  
  43  5:15  Zergling x4  
  49  5:24  Roach x3  
  55  5:37  Overlord x2  
  55  5:47  Spine Crawler  
  55  5:48  Glial Reconstitution  
  54  5:51  Roach x2  
  54  5:52  Roach  
  54  5:56  Overlord  
  60  6:04  Drone x2  
  60  6:05  Drone  
  63  6:13  Drone x4  
  67  6:20  Drone  
  67  6:21  Drone x2  
  70  6:32  Baneling  
  70  6:33  Baneling x8  
  70  6:40  Roach  
  70  6:44  Overlord x2  
  72  6:58  Roach  
  72  6:59  Roach  
  76  7:01  Overlord x2  
  76  7:06  Overlord  
  76  7:07  Overlord  
  70  7:24  Roach x8  
  82  7:45  Roach x4  
  84  8:00  Roach x4  
  90  8:07  Drone x2  
  90  8:16  Drone  
  90  8:23  Drone  
  90  8:25  Extractor  
  90  8:35  Extractor  
  90  8:36  Hatchery  
  90  8:38  Extractor  
  90  8:45  Drone x9  
  90  8:46  Drone x2  
  90  8:48  Hatchery  
  90  8:54  Drone x2  
  90  9:09  Roach  
  90  9:10  Roach x5  
  90  9:15  Extractor  
  90  9:25  Overlord  
  90  9:26  Drone  
  90  9:31  Drone x5  
  90  9:43  Drone x5  
  90  9:55  Drone x3  
  90  10:05  Infestation Pit  
  90  10:08  Hydralisk Den  
Tags
 
Add a new tag
Caveats
  • Supply blocks, unpowered buildings, or Contaminate may cause inaccurate times.
  • Supply counts are checked every 10 seconds.